 Dungeon Crawl Stone Soup version 0.30-a0-737-gf23d94013f (webtiles) character file.

Game seed: 8240890922584057652

102 Ghostmaker01 the Covered (level 4, 0/34 HPs)
             Began as a Gnoll Wanderer on Feb 2, 2023.
             Slain by Crazy Yiuf
             ... wielding a +3 quarterstaff of chaos
              (15 damage)
             ... on level 2 of the Dungeon.
             The game lasted 00:05:54 (1067 turns).

Ghostmaker01 the Covered (Gnoll Wanderer)           Turns: 1067, Time: 00:05:55

Health: 0/34       AC:  5    Str:  9    XL:     4   Next: 77%
Magic:  5/5        EV: 12    Int: 11    God:
Gold:   63         SH:  0    Dex: 16    Spells: 5/5 levels left

rFire   . . .      SeeInvis .    j - +2 short sword (venom)
rCold   . . .      Faith    .    (no shield)
rNeg    . . .      Spirit   .    e - +1 leather armour
rPois   .          Reflect  .    (no helmet)
rElec   .          Harm     .    c - +0 cloak
rCorr   .          Rampage  .    (no gloves)
Will    .....                    (no boots)
Stlth   +++                      (no amulet)
HPRegen 0.25/turn                (no ring)
MPRegen 0.09/turn                (no ring)

@: lethally poisoned (0 -> -3)
A: fangs 1, strong nose, distributed training
a: no special abilities


You were on level 2 of the Dungeon.
You visited 1 branch of the dungeon, and saw 2 of its levels.

You collected 115 gold pieces.
You spent 52 gold pieces at shops.

Inventory:

Hand Weapons
 a - a +2 sling
 j - a +2 short sword of venom (weapon)
Missiles
 f - 4 boomerangs
 g - 2 javelins
 k - 3 datura-tipped darts
Armour
 c - a +0 cloak (worn)
 e - a +1 leather armour (worn)
Scrolls
 i - a scroll of enchant weapon
Potions
 b - a potion of attraction
 d - a potion of might
 h - a potion of degeneration


   Skills:
 + Level 2.8 Fighting
 + Level 1.3 Short Blades
 + Level 1.3 Long Blades
 + Level 1.3 Axes
 + Level 1.3 Maces & Flails
 + Level 1.3 Polearms
 + Level 1.3 Staves
 + Level 4.7 Ranged Weapons
 + Level 1.3 Throwing
 + Level 4.7 Armour
 + Level 2.8 Dodging
 + Level 4.3 Stealth
 + Level 1.3 Shields
 + Level 2.8 Unarmed Combat
 + Level 1.3 Spellcasting
 + Level 1.0 Conjurations
 + Level 1.0 Hexes
 + Level 1.0 Summonings
 + Level 1.0 Necromancy
 + Level 1.0 Translocations
 + Level 1.0 Transmutations
 + Level 1.0 Fire Magic
 + Level 1.0 Ice Magic
 + Level 1.0 Air Magic
 + Level 1.0 Earth Magic
 + Level 1.0 Poison Magic
 + Level 1.4 Invocations
 + Level 2.8 Evocations


You had 5 spell levels left.
You didn't know any spells.
Your spell library was empty.

Dungeon Overview and Level Annotations

Branches:
Dungeon (2/15)

Altars:

Shops:
D:1 ?

Annotations:
D:2 Crazy Yiuf


Innate Abilities, Weirdness & Mutations

You have very sharp teeth.
Your uncanny sense of smell can sniff out nearby items.
Your experience applies equally to all skills.


Message History

Your Transmutations skill increases to level 1!
Your Fire Magic skill increases to level 1!
Your Ice Magic skill increases to level 1!
Your Air Magic skill increases to level 1!
Your Earth Magic skill increases to level 1!
Your Poison Magic skill increases to level 1!
You have reached level 4!
You feel clever.
Found two hammers.
Found a hammer.
You see here a +0 hammer.
No target in view!
Found seven hammers.
Found a runed translucent door.
You see here a +0 hammer.
Found a hammer.
You see here a +0 hammer.
You see here a +0 hammer.
Found three hammers.
You see here a +0 hammer.
No reachable target in view!
l - a +0 hammer You drop a +0 hammer.
Crazy Yiuf shouts!
You open the door. Crazy Yiuf completely misses you.
There is an open translucent door here.
You hit Crazy Yiuf.
Crazy Yiuf is lightly wounded.
Crazy Yiuf hits you with a +3 quarterstaff of chaos!
Crazy Yiuf freezes you.
You hit Crazy Yiuf but do no damage.
Crazy Yiuf is poisoned.
Crazy Yiuf is lightly wounded.
Crazy Yiuf hits you but does no damage.
You are poisoned.
You hit Crazy Yiuf.
Crazy Yiuf looks as sick as possible!
Crazy Yiuf is moderately wounded.
You feel sick.
Crazy Yiuf says, "Mama foot King!"
Crazy Yiuf hits you with a +3 quarterstaff of chaos!
You die...

..######...## ####.# ..##.#
#.##.# #.##.# #.##.# ####♣♣
#### #####.##.# ###....♣♣
♣♣#)))# #...[#...#
#.......♣♣♣♣)@g).# #####<####
#.#.....)♣))♣#)))# #.#####
#.##...)♣)♣♣♣ ####
#####.#.... #.####♣♣♣♣♣
#.......### ####.###
####....).. #......## ####
#.######
..####..############..####..#
..........†...........#.....#
##+######.....##...#..#.#...#


You could see Crazy Yiuf (extremely poisoned).

Vanquished Creatures
  A scorpion (D:2)
  An adder (D:2)
  A worm (D:2)
  2 dart slugs (D:1)
  5 bats
  3 endoplasms
  A giant cockroach (D:1)
  2 goblins (D:1)
  2 hobgoblins (D:1)
  4 kobolds
  2 quokkas (D:1)
  A ball python (D:1)
  2 frilled lizards (D:1)
  4 rats
31 creatures vanquished.

Notes
Turn   | Place    | Note
-------+----------+-------------------------------------------
     0 | D:1      | Ghostmaker01 the Gnoll Wanderer began the quest for the
                  | Orb.
     0 | D:1      | Ghostmaker01 set off with the following items: a +2 sling,
                  | a potion of attraction, a +0 cloak, a potion of might, a +0
                  | leather armour.
     0 | D:1      | Reached XP level 1. HP: 17/17 MP: 1/1
   244 | D:1      | Found a faded altar of an unknown god.
   272 | D:1      | Reached XP level 2. HP: 23/23 MP: 2/2
   596 | D:1      | Reached XP level 3. HP: 28/28 MP: 3/3
   663 | D:1      | Found Gixkaih's Magic Scroll Shoppe.
   672 | D:1      | Bought 2 scrolls of identify for 52 gold pieces
   962 | D:2      | Reached skill level 1 in Invocations
   996 | D:2      | Reached skill level 1 in Short Blades
   996 | D:2      | Reached skill level 1 in Long Blades
   996 | D:2      | Reached skill level 1 in Axes
   996 | D:2      | Reached skill level 1 in Maces & Flails
   996 | D:2      | Reached skill level 1 in Polearms
   996 | D:2      | Reached skill level 1 in Staves
   996 | D:2      | Reached skill level 1 in Throwing
   996 | D:2      | Reached skill level 1 in Shields
   996 | D:2      | Reached skill level 1 in Spellcasting
  1012 | D:2      | Noticed a scorpion
  1020 | D:2      | Killed a scorpion
  1021 | D:2      | Reached skill level 1 in Conjurations
  1021 | D:2      | Reached skill level 1 in Hexes
  1021 | D:2      | Reached skill level 1 in Summonings
  1021 | D:2      | Reached skill level 1 in Necromancy
  1021 | D:2      | Reached skill level 1 in Translocations
  1021 | D:2      | Reached skill level 1 in Transmutations
  1021 | D:2      | Reached skill level 1 in Fire Magic
  1021 | D:2      | Reached skill level 1 in Ice Magic
  1021 | D:2      | Reached skill level 1 in Air Magic
  1021 | D:2      | Reached skill level 1 in Earth Magic
  1021 | D:2      | Reached skill level 1 in Poison Magic
  1021 | D:2      | Reached XP level 4. HP: 29/34 MP: 5/5
  1057 | D:2      | Found a runed translucent door.
  1058 | D:2      | Noticed Crazy Yiuf
  1067 | D:2      | Slain by Crazy Yiuf

Illustrated notes

Levels and vault maps discovered:
D:1:      spicycebolla_arrival_xxxplode, layout_loops_ring, serial_shops,
          nicolae_shop_crystal, ebering_ecumenical_altar_hall,
          minmay_fountain_box, bh_walls_and_bars
D:2:      minmay_thinvault, layout_loops_ring, uniq_crazy_yiuf_cottage

Skill      XL: |  1  2  3 |
---------------+----------+-----
Invocations    | 1 |  1.4
Short Blades   | 1 |  1.3
Long Blades    | 1 |  1.3
Axes           | 1 |  1.3
Maces & Flails | 1 |  1.3
Polearms       | 1 |  1.3
Staves         | 1 |  1.3
Throwing       | 1 |  1.3
Shields        | 1 |  1.3
Spellcasting   | 1 |  1.3
Conjurations   | 1 |  1.0
Hexes          | 1 |  1.0
Summonings     | 1 |  1.0
Necromancy     | 1 |  1.0
Translocations | 1 |  1.0
Transmutations | 1 |  1.0
Fire Magic     | 1 |  1.0
Ice Magic      | 1 |  1.0
Air Magic      | 1 |  1.0
Earth Magic    | 1 |  1.0
Poison Magic   | 1 |  1.0
Fighting       | |  2.8
Ranged Weapons | |  4.7
Armour         | |  4.7
Dodging        | |  2.8
Stealth        | |  4.3
Unarmed Combat | |  2.8
Evocations     | |  2.8

Action                     |  1- 3 |  4- 6 || total
---------------------------+-------+-------++-------
  Melee: Short sword       |    39 |     3 ||    42
         Bite              |     3 |       ||     3
         Punch             |     1 |       ||     1
   Fire: Sling             |    30 |       ||    30
    Use: Scroll            |     5 |       ||     5
   Stab: Sleeping          |     3 |       ||     3
         Distracted        |     1 |       ||     1
 Armour: Leather armour    |    10 |     1 ||    11
  Dodge: Dodged            |    27 |     1 ||    28

Table legend: (Time is in decaauts)
 A = Elapsed time spent in this place.
 B = Non-inter-level travel time spent in this place.
 C = Inter-level travel time spent in this place.
 D = Time resting spent in this place.
 E = Time spent auto-exploring this place.
 F = Levels seen in this place.
 G = Mean time per level.
                   A        B        C        D        E       F      G
               +--------+--------+--------+--------+--------+-----+--------+
         Total |   1071 |   1041 |     30 |      0 |    778 |   2 |  535.5 |
       Dungeon |   1071 |   1041 |     30 |      0 |    778 |   2 |  535.5 |
               +--------+--------+--------+--------+--------+-----+--------+

Top non-repeatable levels by time:
     D:1: 855 daAuts
     D:2: 215 daAuts
